 Dungeon Crawl Stone Soup version 0.16.1-18-g436b03c (webtiles) character file.

1685 tesudzi the Cruncher (level 8, -12/62 HPs)
             Began as a Demonspawn Gladiator on May 12, 2015.
             Mangled by an orc warrior
             ... wielding a +1 short sword of venom
              (21 damage)
             ... on level 5 of the Dungeon.
             The game lasted 00:16:47 (6490 turns).

tesudzi the Cruncher (Demonspawn Gladiator)         Turns: 6490, Time: 00:16:48

Health: -12/62     AC:  8    Str: 15    XL:     8   Next: 71%
Magic:  8/8        EV: 15    Int:  9    God:
Gold:   267        SH:  0    Dex: 17    Spells: 0 memorised, 7 levels left

rFire  . . .     SeeInvis .     a - +0 quarterstaff
rCold  . . .     Clarity  .     b - +0 leather armour
rNeg   . . .     SustAb   .     (no shield)
rPois  .         Gourm    .     (helmet restricted)
rElec  .         Spirit   .     (no cloak)
rCorr  .         Warding  .     x - +1 pair of gloves
rMut   .         Stasis   .     F - +0 pair of boots
MR     +....                    (no amulet)
Stlth  +++++.....               p - ring of stealth
                                j - ring of protection from magic

@: lethally poisoned (-12 -> -26), about to teleport, somewhat resistant to
hostile enchantments, quite stealthy
A: fangs 1, horns 2, thin metallic scales 1, nightstalker 2, powered by death 1,
placid magic 1
a: no special abilities


You were on level 5 of the Dungeon.
You were not hungry.

You visited 1 branch of the dungeon, and saw 6 of its levels.

You collected 267 gold pieces.

Inventory:

Hand weapons
 a - a +0 quarterstaff (weapon)
 w - a +0 trident
 z - a +0 falchion
Missiles
 d - 2 throwing nets (quivered)
 k - 6 curare-tipped needles
 l - 3 tomahawks
Armour
 b - a +0 leather armour (worn)
 c - a +0 helmet
 x - a +1 pair of gloves (worn)
 B - a +0 shield
 F - a +0 pair of boots (worn)
Jewellery
 j - a ring of protection from magic (left hand)
 p - a ring of stealth (right hand)
 A - an uncursed ring of positive energy
Magical devices
 e - a wand of teleportation (3)
 s - a wand of confusion (35)
Scrolls
 h - 2 scrolls of remove curse
 i - a scroll of random uselessness {unknown}
 n - 3 scrolls of teleportation
 t - a scroll of immolation {unknown}
 y - a scroll of magic mapping {unknown}
 D - a scroll of enchant weapon {unknown}
 E - a scroll of fog {unknown}
Potions
 m - a potion of curing
 v - a potion of ambrosia
 C - 2 potions of restore abilities
Comestibles
 f - 3 bread rations
 g - a royal jelly
 o - 2 slices of pizza
 q - a meat ration
 r - 3 chunks of flesh
 u - 2 beef jerkies


   Skills:
 - Level 5.0 Fighting
 - Level 8.0 Staves
 - Level 1.7 Throwing
 - Level 2.0 Armour
 + Level 5.0 Dodging
 + Level 2.4 Stealth


You had 7 spell levels left.
You didn't know any spells.

Dungeon Overview and Level Annotations

Branches:
Dungeon (6/15)
 Temple: D:4-7

Altars:

Annotations:
D:6 Menkaure


Innate Abilities, Weirdness & Mutations

You have a pair of horns on your head.
You are partially covered in thin metallic scales (AC +2).
You are significantly more attuned to the shadows.
You can steal the life force of nearby defeated enemies.
You have very sharp teeth.
Your spells are a little easier to cast, but a little less powerful.


Message History

You are too injured to fight recklessly!
You are too injured to fight recklessly!
You are too injured to fight recklessly!
You are too injured to fight recklessly!
Drink which item? (? for menu, Esc to quit)
You feel better.
The orc warrior hits you with a short sword of venom!
* * * LOW HITPOINT WARNING * * *
You are lethally poisoned!
* * * LOW HITPOINT WARNING * * *
You feel sick.
Evoke which item? (* to show all) (? for menu, Esc to quit)
Zapping:
e - a wand of teleportation (will waste charges)
Press: ? - help, Shift-Dir - straight line, f - you You feel strangely unstable.
Evoking this partially-identified wand wasted a few charges.
* * * LOW HITPOINT WARNING * * *
You feel sick.
The orc warrior hits you with a short sword of venom!!
You die...

.##.#.# #)........# #
.##.#.# #.###.##..# #
.^..#.# #.# #.##..#### #
...##.# ##.###........# #
#..##.###...###.......# ##
#..##.##.....##.#.###.#
##. #..##.#.........#.#
#.# ##.#
#..##..........o#.###.#
#.##
#..##...........@....[#
##.#
#............##.......#
##.
#.###........###....#.# ##
#.##...#...#.####.#.#.# #
#............(.(....#.#
####.####.#..########.#
#.#
#.#...........###########
#.#
#>##รท#######....)........
#.#
#.#..########.###........


You could see an orc warrior.

Vanquished Creatures
  Eustachio (D:5)
  A water moccasin (D:5)
  A phantom (D:5)
  A sky beast (D:5)
  4 ogres
  A giant frog (D:6)
  2 centaurs
  3 scorpions
  A giant frog zombie (D:6)
  A hound (D:5)
  A jelly (D:5)
  2 iguanas (D:4)
  3 worker ants (D:4)
  2 orc priests
  A giant frog skeleton (D:6)
  Natasha (thrice) (D:3)
  Terence (D:3)
  2 worker ant zombies (D:5)
  9 adders
  4 gnolls
  A giant mite (D:4)
  3 worms
  An adder skeleton (D:5)
  6 giant geckos
  12 orcs
  3 ball pythons
  11 bats
  2 bat skeletons
  12 hobgoblins
  3 jackals (D:1)
  12 kobolds
  2 giant cockroaches
  2 giant newts
  7 goblins
  A quokka (D:3)
  A quokka skeleton (D:4)
  A quokka zombie (D:5)
  12 rats
136 creatures vanquished.

Notes
Turn   | Place    | Note
--------------------------------------------------------------
     0 | D:1      | tesudzi, the Demonspawn Gladiator, began the quest for the Orb.
     0 | D:1      | Reached XP level 1. HP: 16/16 MP: 1/1
   281 | D:1      | Gained mutation: You are partially covered in thin metallic scales (AC +2). [demonic ancestry]
   281 | D:1      | Reached XP level 2. HP: 17/23 MP: 2/2
   355 | D:1      | Reached skill level 3 in Fighting
   986 | D:2      | Reached XP level 3. HP: 14/30 MP: 3/3
  1312 | D:2      | Reached skill level 4 in Fighting
  1459 | D:2      | Gained mutation: You can steal the life force of nearby defeated enemies. [demonic ancestry]
  1459 | D:2      | Reached XP level 4. HP: 13/37 MP: 4/4
  2233 | D:3      | Noticed Natasha
  2248 | D:3      | Killed Natasha
  2385 | D:3      | Noticed Natasha
  2395 | D:3      | Killed Natasha
  2395 | D:3      | Gained mutation: You are slightly more attuned to the shadows. [demonic ancestry]
  2395 | D:3      | Reached XP level 5. HP: 14/43 MP: 5/5
  2634 | D:3      | Noticed Natasha
  2639 | D:3      | Killed Natasha
  2919 | D:3      | Noticed Terence
  2941 | D:3      | Killed Terence
  3004 | D:3      | Reached skill level 5 in Fighting
  3278 | D:3      | Reached skill level 1 in Armour
  3354 | D:4      | Gained mutation: You have a pair of small horns on your head. [demonic ancestry]
  3354 | D:4      | Reached XP level 6. HP: 37/51 MP: 6/6
  3762 | D:4      | Noticed an ogre
  3848 | D:4      | Killed an ogre
  3963 | D:4      | Reached skill level 5 in Staves
  4007 | D:4      | Noticed a centaur
  4018 | D:4      | Killed a centaur
  4018 | D:4      | Reached XP level 7. HP: 40/56 MP: 7/7
  4480 | D:5      | Entered Level 5 of the Dungeon
  4551 | D:5      | Reached skill level 6 in Staves
  4927 | D:5      | Noticed Eustachio
  4967 | D:5      | Reached skill level 7 in Staves
  5108 | D:5      | Gained mutation: You are significantly more attuned to the shadows. [demonic ancestry]
  5108 | D:5      | Reached XP level 8. HP: 50/62 MP: 8/8
  5600 | D:5      | Killed Eustachio
  6131 | D:5      | Reached skill level 8 in Staves
  6245 | D:6      | Reached skill level 1 in Stealth
  6253 | D:6      | Gained mutation: You have very sharp teeth. [potion of mutation]
  6253 | D:6      | Gained mutation: Your spells are a little easier to cast, but a little less powerful. [potion of mutation]
  6253 | D:6      | Gained mutation: You have a pair of horns on your head. [potion of mutation]
  6277 | D:6      | Noticed Menkaure
  6397 | D:6      | Reached skill level 5 in Dodging
  6490 | D:5      | Mangled by an orc warrior

Action                   |  1- 3 |  4- 6 |  7- 9 || total
-------------------------+-------+-------+-------++-------
Melee: Quarterstaff      |   105 |   182 |   236 ||   523
Throw: Throwing net      |     2 |     1 |       ||     3
Evoke: Wand              |       |     2 |     1 ||     3
  Use: Potion            |       |     4 |     3 ||     7
       Scroll            |       |     6 |     3 ||     9
 Stab: Held in net/web   |     1 |     1 |       ||     2
       Sleeping          |       |     3 |     9 ||    12
       Confused          |       |     1 |       ||     1
  Eat: Chunk             |     2 |     7 |     9 ||    18
